 Dungeon Crawl Stone Soup version 0.29-a0-1019-g84f7d21838 (webtiles) character file.

Game seed: 9347439150961809797

16965 jlumianski the Slicer (level 12, -9/87 HPs)
             Began as a Demonspawn Gladiator on Aug 11, 2022.
             Was a Priest of Wu Jian.
             Mangled by a minotaur
             ... wielding a +2 bardiche of venom
              (20 damage)
             ... in a Gauntlet.
             The game lasted 01:05:24 (14179 turns).

jlumianski the Slicer (Demonspawn Gladiator)       Turns: 14179, Time: 01:05:27

Health: -9/87      AC: 15    Str: 17    XL:     12   Next: 14%
Magic:  19/20      EV: 15    Int: 16    God:    Wu Jian [***...]
Gold:   1194       SH:  0    Dex: 18    Spells: 15/21 levels left

rFire   . . .      SeeInvis +   m - +12 dagger of Entrepreneurial Spirit {vorpal, Int+5 Dex+2 SInv}
rCold   . . .      Faith    .   (no shield)
rNeg    + + .      Spirit   .   r - +1 leather armour of the Solstice {rElec rN+ Regen+}
rPois   .          Reflect  .   c - +2 helmet
rElec   +          Harm     .   C - +2 cloak {Will+}
rCorr   +          Rampage  .   w - +0 pair of gloves
Will    +....      NoTele   +   (no boots)
Stlth   +++.......              (no amulet)
HPRegen 1.04/turn               g - ring of positive energy
MPRegen 0.17/turn               M - ring of flight

@: flying
A: yellow scales 3, demonic guardian 2, foul stench 1, demonic touch 2
a: Renounce Religion, Wall Jump, Serpent's Lash


You were in a Gauntlet.
You worshipped Wu Jian.
Wu Jian was most pleased with you.
You visited 3 branches of the dungeon, and saw 14 of its levels.
You also visited: Gauntlet.

You collected 1194 gold pieces.

Inventory:

Hand Weapons
 m - the +12 dagger of Entrepreneurial Spirit (weapon) {vorpal, Int+5 Dex+2 SInv}
   (You found it on level 3 of the Dungeon)

   It inflicts extra damage upon your enemies.
   Int:       It affects your intelligence (+5).
   Dex:       It affects your dexterity (+2).
   SInv:      It lets you see invisible.
 p - a +3 short sword of flaming
 G - the +5 falchion "Fedadwam" {vorpal, Will+}
   (You found it on level 11 of the Dungeon)

   It inflicts extra damage upon your enemies.
   Will:      It increases your willpower.
 L - the +6 arbalest "Damnation" {damnation}
   (You found it on level 7 of the Dungeon)

   Any ammunition fired from it explodes in a burst of damnation on striking a
   foe, dealing damage which bypasses armour.
Missiles
 d - 4 throwing nets
 e - a javelin
 s - 15 boomerangs (quivered)
 J - 15 poisoned darts
Armour
 b - a +0 leather armour
 c - a +2 helmet (worn)
 f - a +1 scale mail of cold resistance
 j - a +2 leather armour of poison resistance
 r - the +1 leather armour of the Solstice (worn) {rElec rN+ Regen+}
   (You found it on level 9 of the Dungeon)

   rElec:     It insulates you from electricity.
   rN:        It protects you from negative energy.
   Regen:     It increases your rate of health regeneration.
 w - a +0 pair of gloves (worn)
 C - a +2 cloak of willpower (worn)
 H - a scarf of harm
 Q - a +2 leather armour of cold resistance
Magical Staves
 x - a staff of death
 N - a staff of fire
 R - a staff of cold
Jewellery
 g - a ring of positive energy (left hand)
 i - a ring of positive energy
 y - an amulet of faith
 M - a ring of flight (right hand)
 P - the amulet "Girilias" {Reflect rF++ Str+4 Dex-2 Slay+3 SH+5}
   (You found it on level 11 of the Dungeon)

   [amulet of reflection]

   It reflects blocked missile attacks.
   Str:       It affects your strength (+4).
   Dex:       It affects your dexterity (-2).
   Slay:      It affects your accuracy & damage with ranged weapons and melee
   (+3).
   rF:        It greatly protects you from fire.
   SH:        It affects your SH (+5).
Wands
 a - a wand of flame (22)
 h - a wand of charming (7)
Scrolls
 u - 2 scrolls of immolation
 v - 3 scrolls of identify
 A - a scroll of amnesia
 D - 2 scrolls of noise
 F - 2 scrolls of teleportation
 K - a scroll of brand weapon
 O - a scroll of poison
Potions
 k - 2 potions of might
 l - 3 potions of magic
 n - a potion of heal wounds
 o - a potion of lignification
 q - 8 potions of curing
 t - 4 potions of attraction
 B - a potion of haste
 E - a potion of resistance
 I - a potion of brilliance
Miscellaneous
 z - a tin of tremorstones (inert)
 S - a condenser vane


   Skills:
 + Level 5.9 Fighting
 * Level 9.0 Short Blades
 - Level 5.3 Axes
 * Level 7.4 Ranged Weapons
 + Level 1.7 Throwing
 - Level 3.2 Armour
 * Level 7.0 Dodging
 * Level 6.1 Stealth
 * Level 5.4 Spellcasting
 * Level 4.5 Hexes
 * Level 4.1 Translocations
 * Level 1.0 Evocations


You had 15 spell levels left.
You knew the following spells:

 Your Spells              Type           Power      Damage    Failure   Level
a - Slow                  Hex            72%        N/A       2%          1
b - Confusing Touch       Hex            18%        N/A       9%          3
c - Blink                 Tloc           34%        N/A       4%          2

Your spell library contained the following spells:

 Spells                   Type           Power      Damage    Failure   Level
 Apportation              Tloc           34%        N/A       3%          1
 Gell's Gravitas          Tloc           17%        N/A       10%         3
 Lesser Beckoning         Tloc           17%        N/A       10%         3
 Beastly Appendage        Tmut           8%         N/A       17%         1
 Necrotise                Necr           16%        1d4       17%         1
 Summon Small Mammal      Summ           16%        N/A       17%         1
 Wereblood                Tmut           4%         N/A       26%         2
 Frozen Ramparts          Ice            8%         1d2       45%         3
 Spider Form              Tmut/Pois      4%         N/A       45%         3
 Vampiric Draining        Necr           4%         2d6       45%         3
 Manifold Assault         Tloc           17%        N/A       65%         5
 Ice Form                 Ice/Tmut       4%         N/A       86%         4
 Summon Ice Beast         Ice/Summ       4%         N/A       86%         4
 Borgnjor's Revivificati  Necr           2%         N/A       100%        8
 Death's Door             Necr           2%         N/A       100%        9
 Fire Storm               Conj/Fire      2%         8d1       100%        9


Dungeon Overview and Level Annotations

Branches:
Dungeon (11/15)            Temple (1/1) D:5            Lair (0/5) D:8
    Orc (2/2) D:9             Elf (0/3) Orc:2       Gauntlet (1/1)

Altars:
Ashenzari
Cheibriados
Dithmenos
Fedhas
Gozag
Kikubaaqudgha
Makhleb
Nemelex Xobeh
Okawaru
Qazlal
Ru
Trog
Uskayaw
Vehumet
Wu Jian
Xom
Yredelemnul

Shops:
D:7 (   Orc:2 (

Annotations:
Orc:1 3 runed translucent doors, ytrimaz's ghost, journeyman FoFi Gauntlet 7 transporters, 1 runed translucent door


Innate Abilities, Weirdness & Mutations

You are completely covered in yellow scales. (AC +4, rCorr)
A demonic guardian rushes to your aid.
You may rarely emit foul miasma when damaged in melee.
Your touch may inflict irresistible damage on your foes.


Message History

The burst of rock shards engulfs the minotaur but does no damage.
The minotaur misses you.
The tremorstone explodes into fragments!
The burst of rock shards engulfs the minotaur but does no damage.
The burst of rock shards engulfs you but does no damage.
The tin is emptied!
The minotaur throws a javelin.
The javelin pierces through you!
* * * LOW HITPOINT WARNING * * *
You feel much better.
You feel stable enough to blink again.
The minotaur hits you from afar with a +2 bardiche of venom!!
* * * LOW HITPOINT WARNING * * *
You are lethally poisoned!
You feel better.
The minotaur throws a javelin.
The javelin barely misses you.
You feel clever.
You feel agile.
m - the +12 dagger of Entrepreneurial Spirit (weapon)
{vorpal, Int+5 Dex+2 SInv} You lunge at the minotaur.
You hit the minotaur. Your touch misses the minotaur.
The minotaur is heavily wounded.
The minotaur closely misses you. x2
You spin and attack the minotaur repeatedly.
You hit the minotaur but do no damage.
The minotaur is heavily wounded.
You hit the minotaur.
The minotaur is heavily wounded.
The minotaur barely misses you. The minotaur gores you!
* * * LOW HITPOINT WARNING * * *
Aiming: Wall Jump
Press: ? - help, Dir - move target, p - minotaur You repeatedly attack the minotaur from above.
You barely miss the minotaur.
The minotaur is heavily wounded.
You puncture the minotaur!
The minotaur is severely wounded.
You hit the minotaur.
The minotaur is severely wounded.
You hit the minotaur.
The minotaur is almost dead.
The minotaur hits you with a +2 bardiche of venom!!
You die...

##### #8∩8# #[.[#
#8.8# ####[.[####
###8.#8○8#.8###
#....#@H.#....#
#.#..#8○8#..#.#
#.#..##'##..#.#
#.............#
#.#.##.#.##.#.#
#.#....#....#.#
#.#.#######.#.###
................#
.♣.♣.©.©.©.©.♣.♣.#


You could see a minotaur.

Vanquished Creatures
  A quicksilver ooze (Gauntlet)
  An ettin (D:8)
  A boulder beetle (D:11)
  A centaur warrior (D:11)
  3 two-headed ogres
  An orc knight (D:9)
  A necromancer (Gauntlet)
  2 cyclopes (Orc:2)
  Joseph (D:9)
  An ice statue (D:7)
  A komodo dragon (D:10)
  A hornet (D:11)
  4 trolls
  A centaur simulacrum (D:11)
  2 shadows (D:10)
  15 yaks
  3 vampire mosquitoes (D:10)
  2 steam dragons
  Menkaure (D:7)
  2 water moccasins
  An ice beast (D:6)
  7 orc warriors
  A sky beast (D:8)
  4 ogres
  4 wolves (Gauntlet)
  5 centaurs
  2 phantoms (D:4)
  5 bullfrogs
  2 kobold brigands (D:9)
  A gnoll sergeant (D:8)
  A necrophage (D:7)
  4 scorpions
  18 wights
  19 killer bees
  An electric eel (D:7)
  A howler monkey (D:4)
  3 jellies
  3 hounds
  3 orc priests
  Crazy Yiuf (D:4)
  8 orc wizards
  8 gnolls
  14 adders
  6 white imps
  5 worms
  2 dart slugs
  42 orcs
  8 bats
  8 endoplasms
  4 giant cockroaches
  14 goblins
  8 hobgoblins
  4 jackals (D:4)
  2 quokkas
  2 ball pythons
  4 frilled lizards
  25 kobolds
  6 rats
301 creatures vanquished.

Vanquished Creatures (collateral kills)
  An orc (Orc:2)
1 creature vanquished.

Vanquished Creatures (others)
  6 fungi
  9 plants
15 creatures vanquished.

Grand Total: 317 creatures vanquished

Notes
Turn   | Place    | Note
-------+----------+-------------------------------------------
     0 | D:1      | jlumianski the Demonspawn Gladiator began the quest for the
                  | Orb.
     0 | D:1      | Reached XP level 1. HP: 16/16 MP: 1/1
   228 | D:1      | Gained mutation: You are partially covered in yellow
                  | scales. (AC +2) [demonic ancestry]
   228 | D:1      | Reached XP level 2. HP: 9/22 MP: 2/2
   453 | D:1      | Got the Quarto of Molten Direction
   578 | D:2      | Found a sparkling altar of Nemelex Xobeh.
   910 | D:1      | Reached XP level 3. HP: 11/27 MP: 3/3
  1207 | D:1      | Reached skill level 1 in Armour
  1616 | D:2      | Gained mutation: You may rarely emit foul miasma when
                  | damaged in melee. [demonic ancestry]
  1616 | D:2      | Reached XP level 4. HP: 23/34 MP: 4/4
  2633 | D:4      | Noticed a phantom
  2782 | D:3      | Identified the +12 dagger of Entrepreneurial Spirit
                  | {vorpal, Int+5 Dex+2 SInv}
  2851 | D:4      | Noticed a phantom
  2868 | D:4      | Killed a phantom
  2869 | D:4      | Gained mutation: Your touch may inflict minor irresistible
                  | damage on your foes. [demonic ancestry]
  2869 | D:4      | Reached XP level 5. HP: 39/40 MP: 5/5
  2905 | D:4      | Gained mutation: You are mostly covered in yellow scales.
                  | (AC +3) [demonic ancestry]
  2905 | D:4      | Reached XP level 6. HP: 41/47 MP: 6/6
  3039 | D:4      | Reached skill level 1 in Short Blades
  3039 | D:4      | Reached skill level 5 in Axes
  3270 | D:4      | Reached XP level 7. HP: 38/52 MP: 7/7
  3682 | D:5      | Entered Level 5 of the Dungeon
  3702 | D:4      | Reached skill level 2 in Short Blades
  4325 | D:2      | Learned a level 1 spell: Slow
  5188 | D:5      | Reached skill level 3 in Short Blades
  5327 | D:4      | Found a runed translucent door.
  5328 | D:4      | Noticed Crazy Yiuf
  5335 | D:4      | Killed Crazy Yiuf
  5482 | D:5      | Reached skill level 1 in Stealth
  5482 | D:5      | Reached skill level 1 in Spellcasting
  5484 | D:5      | Reached skill level 1 in Hexes
  5621 | D:5      | Found a staircase to the Ecumenical Temple.
  5626 | Temple   | Entered the Ecumenical Temple
  5637 | Temple   | Became a worshipper of the Wu Jian Council
  5709 | D:5      | Reached XP level 8. HP: 51/60 MP: 9/9
  5972 | D:5      | Reached skill level 4 in Short Blades
  6416 | D:6      | Reached skill level 5 in Short Blades
  6460 | D:6      | Learned a level 3 spell: Confusing Touch
  6993 | D:7      | Gained mutation: A weak demonic guardian rushes to your
                  | aid. [demonic ancestry]
  6993 | D:7      | Reached XP level 9. HP: 59/65 MP: 12/12
  7040 | D:7      | You fall into a shaft and drop 1 floor!
  7042 | D:8      | Found a radiant altar of Vehumet.
  7221 | D:7      | Noticed Menkaure
  7226 | D:7      | Reached * piety under Wu Jian
  7234 | D:7      | Killed Menkaure
  7235 | D:7      | Reached skill level 6 in Short Blades
  7333 | D:7      | Found Oxidd's Antique Weapon Shop.
  7837 | D:7      | Noticed an ice statue
  7841 | D:7      | Found the +6 arbalest "Damnation" {damnation}
  7855 | D:7      | Killed an ice statue
  7860 | D:7      | Identified the +0 scale mail of the Ubiquitous Kraken
                  | {rElec}
  8106 | D:8      | Found a staircase to the Lair.
  8131 | D:8      | Reached skill level 7 in Short Blades
  8169 | D:8      | Learned a level 2 spell: Blink
  8172 | D:8      | Reached skill level 5 in Dodging
  8197 | D:8      | Reached skill level 1 in Ranged Weapons
  8514 | D:8      | Reached skill level 1 in Translocations
  8521 | D:8      | Gained mutation: You are completely covered in yellow
                  | scales. (AC +4, rCorr) [demonic ancestry]
  8521 | D:8      | Reached XP level 10. HP: 53/73 MP: 15/15
  8776 | D:7      | Reached ** piety under Wu Jian
 10587 | D:9      | Identified the +1 leather armour of the Solstice {rElec rN+
                  | Regen+}
 10623 | D:9      | Reached *** piety under Wu Jian
 10660 | D:9      | Noticed Joseph
 10674 | D:9      | Killed Joseph
 10811 | D:9      | Found a staircase to the Orcish Mines.
 10836 | D:9      | Reached skill level 8 in Short Blades
 10845 | D:9      | Found a burning altar of Makhleb.
 10846 | D:9      | Found an opulent altar of Gozag.
 10846 | D:9      | Found a shimmering altar of Xom.
 11014 | D:9      | Noticed a two-headed ogre
 11022 | D:9      | Killed a two-headed ogre
 11023 | D:9      | Reached skill level 5 in Fighting
 11026 | D:9      | Reached skill level 5 in Ranged Weapons
 11220 | D:10     | Entered Level 10 of the Dungeon
 11315 | D:10     | Found a sacrificial altar of Ru.
 11346 | D:10     | Reached skill level 5 in Stealth
 11356 | D:10     | Gained mutation: Your touch may inflict irresistible damage
                  | on your foes. [demonic ancestry]
 11356 | D:10     | Reached XP level 11. HP: 79/79 MP: 17/17
 11401 | D:10     | Reached **** piety under Wu Jian
 11464 | D:10     | Noticed a two-headed ogre
 11472 | D:10     | Killed a two-headed ogre
 11999 | D:11     | Noticed a two-headed ogre
 12000 | D:11     | Noticed a centaur warrior
 12010 | D:11     | Killed a two-headed ogre
 12018 | D:11     | Killed a centaur warrior
 12399 | D:11     | Identified a scroll of acquirement
 12400 | D:11     | Acquired 446 gold pieces
 12438 | D:11     | Identified the +5 falchion "Fedadwam" {vorpal, Will+}
 12440 | D:11     | Noticed a boulder beetle
 12452 | D:11     | Identified the amulet "Girilias" {Reflect rF++ Str+4 Dex-2
                  | Slay+3 SH+5}
 12472 | D:11     | Killed a boulder beetle
 12483 | D:11     | Noticed a green ugly thing
 12484 | D:11     | Got the Vellum of Unholy Deeds
 12497 | D:11     | Noticed a tengu warrior
 12535 | D:11     | HP: 4/80 [yaktaur/bolt (19)]
 12894 | Orc:1    | Entered Level 1 of the Orcish Mines
 12899 | Orc:1    | Noticed an orc knight
 12920 | D:9      | Reached skill level 5 in Spellcasting
 12923 | D:9      | Killed an orc knight
 13253 | Orc:1    | Noticed an ettin
 13374 | D:8      | Killed an ettin
 13455 | Orc:1    | Found a runed translucent gate.
 13455 | Orc:1    | Found a runed translucent gate.
 13455 | Orc:1    | Noticed a tengu warrior
 13455 | Orc:1    | Noticed a merfolk javelineer
 13456 | Orc:1    | Noticed ytrimaz's ghost (journeyman FoFi)
 13456 | Orc:1    | Noticed a merfolk javelineer
 13456 | Orc:1    | Noticed a stone giant
 13456 | Orc:1    | Noticed a tengu warrior
 13457 | Orc:1    | Noticed a centaur warrior
 13458 | Orc:1    | Noticed a deep elf archer
 13467 | Orc:1    | Found a runed translucent gate.
 13485 | Orc:1    | Found an iron altar of Okawaru.
 13615 | Orc:2    | Entered Level 2 of the Orcish Mines
 13706 | Orc:2    | Found Fekk's Antique Weapon Shoppe.
 13714 | Orc:2    | Gained mutation: A demonic guardian rushes to your aid.
                  | [demonic ancestry]
 13714 | Orc:2    | Reached XP level 12. HP: 86/87 MP: 19/19
 13745 | Orc:2    | Found a gate leading to a gauntlet.
 13755 | Gauntlet | Entered a Gauntlet
 13755 | Gauntlet | Found a transporter.
 13764 | Gauntlet | Found a transporter.
 13766 | Gauntlet | Found a transporter.
 13786 | Gauntlet | Found a transporter.
 13789 | Gauntlet | Noticed a death yak
 13791 | Gauntlet | Noticed a death yak
 13792 | Gauntlet | Noticed a death yak
 13794 | Gauntlet | Noticed a death yak
 13796 | Gauntlet | Noticed a death yak
 13805 | Gauntlet | Found a transporter.
 13813 | Gauntlet | Found a transporter.
 13824 | Gauntlet | Noticed a blizzard demon
 13827 | Gauntlet | Found a transporter.
 13837 | Gauntlet | Found a transporter.
 13838 | Gauntlet | Noticed a quicksilver ooze
 13844 | Gauntlet | Found a runed translucent door.
 13848 | Gauntlet | Found a transporter.
 13874 | Gauntlet | Found a transporter.
 13892 | Gauntlet | Found a transporter.
 13892 | Gauntlet | Found a transporter.
 13978 | Gauntlet | Found a transporter.
 14011 | Gauntlet | Killed a quicksilver ooze
 14012 | Gauntlet | Reached skill level 9 in Short Blades
 14012 | Gauntlet | Reached skill level 1 in Evocations
 14160 | Gauntlet | Noticed a minotaur
 14168 | Gauntlet | HP: 2/87 [minotaur/+2 bardiche of venom (37)]
 14179 | Gauntlet | Mangled by a minotaur

Illustrated notes

Levels and vault maps discovered:
D:1:      lemuel_arrival_rhombus, layout_basic
D:2:      minmay_evil_eye, layout_loops_cross, basic_altar, minivault_14
D:3:      minmay_razor_zed, layout_basic
D:4:      layout_basic, cheibrodos_sewer_entry_bend, uniq_crazy_yiuf_cottage
D:5:      layout_gridville, minmay_temple_entry_arrows, serial_park_tiny_pond
D:6:      layout_gridville
D:7:      statuecave_lemuel, layout_basic, serial_shops,
          nicolae_shop_window_shopping, uniq_menkaure
D:8:      layout_layer_cave, nicolae_vehumet_radiance, dpeg_oklobed_lair
D:9:      layout_basic, chequers_temple_overflow_statue_of_worship, orc_0_dummy,
          uniq_joseph
D:10:     layout_loops_ring, hangedman_ru_absence
D:11:     minmay_the_grid_four_pointed_star [minmay_the_grid_triangle_9x9_empty,
          minmay_the_grid_triangle_9x9_warning,
          minmay_the_grid_triangle_9x9_pentomino_pain,
          minmay_the_grid_triangle_9x9_zippers_horizontal,
          minmay_the_grid_prize_four_corners_diamond_b], layout_small_grid
Temple:   nicolae_temple_x_marks_the_god
Orc:1:    layout_diamond_mine, gammafunk_ghost_fury_of_okawaru
Orc:2:    grunt_orc_gardens, layout_diamond_mine, grunt_orc_garden,
          grunt_orc_garden, grunt_orc_garden, grunt_orc_garden,
          gauntlet_entry_generic, ebering_ghost_gozag
Gauntlet: minmay_gauntlet_77_tree [minmay_gauntlet_arena_77_braids,
          minmay_gauntlet_arena_77_mess, minmay_gauntlet_arena_77_two_lines,
          minmay_gauntlet_arena_77_path, minmay_gauntlet_arena_77_squiggly,
          minmay_gauntlet_arena_77_p_blocks, minmay_gauntlet_arena_77_box,
          nicolae_gauntlet_exit_dead_adventurers]

Skill      XL: |  1  2  3  4  5  6  7  8  9 10 11 12 |
---------------+-------------------------------------+-----
Axes           | 3 4 5 |  5.3
Armour         | 1 2 3 |  3.2
Dodging        | 3 4 5 6 7 |  7.0
Fighting       | 3 4 5 |  5.9
Short Blades   | 1 3 5 7 8 9 |  9.0
Stealth        | 1 2 4 5 6 |  6.1
Spellcasting   | 1 2 3 4 5 |  5.4
Hexes          | 1 2 3 4 |  4.5
Ranged Weapons | 1 5 7 |  7.4
Translocations | 1 2 3 4 |  4.1
Evocations     | 1 |  1.0
Throwing       | |  1.7

Action                   |  1- 3 |  4- 6 |  7- 9 | 10-12 || total
-------------------------+-------+-------+-------+-------++-------
Melee: War axe           |   117 |    51 |       |       ||   168
       Punch             |     2 |       |     2 |     4 ||     8
       Dagger            |       |    69 |   217 |   236 ||   522
       Touch             |       |    13 |    25 |    48 ||    86
 Fire: Arbalest          |       |       |     9 |    88 ||    97
 Cast: Confusing Touch   |       |       |     1 |     2 ||     3
       Blink             |       |       |       |     2 ||     2
Invok: Lunge             |       |       |    26 |    21 ||    47
       Whirlwind         |       |       |     7 |    15 ||    22
 Abil: Wall Jump         |       |       |       |    18 ||    18
Evoke: Tin of tremorston |       |       |       |     2 ||     2
  Use: Potion            |     1 |     1 |     6 |     6 ||    14
       Scroll            |       |     8 |     7 |     8 ||    23
 Stab: Sleeping          |       |       |     3 |     6 ||     9
       Distracted        |       |       |     1 |     2 ||     3
Armor: Leather armour    |    67 |    20 |    35 |    90 ||   212
       Chain mail        |       |    40 |    20 |       ||    60
       Ring mail         |       |     2 |       |       ||     2
Dodge: Dodged            |    99 |    37 |   106 |   215 ||   457

Table legend: (Time is in decaauts)
 A = Elapsed time spent in this place.
 B = Non-inter-level travel time spent in this place.
 C = Inter-level travel time spent in this place.
 D = Time resting spent in this place.
 E = Time spent auto-exploring this place.
 F = Levels seen in this place.
 G = Mean time per level.
                   A        B        C        D        E       F      G
               +--------+--------+--------+--------+--------+-----+--------+
         Total |  14249 |  13843 |    406 |   2209 |   7547 |  15 |  949.9 |
       Dungeon |  13461 |  13057 |    404 |   2104 |   7547 |  11 | 1223.7 |
        Temple |     17 |     17 |      0 |      0 |      0 |   1 |   17.0 |
  Orcish Mines |    355 |    353 |      2 |      0 |      0 |   2 |  177.5 |
      Gauntlet |    414 |    414 |      0 |    105 |      0 |   1 |  414.0 |
               +--------+--------+--------+--------+--------+-----+--------+

Top non-repeatable levels by time:
     D:8: 1791 daAuts
     D:1: 1752 daAuts
     D:7: 1557 daAuts
     D:9: 1425 daAuts
    D:10: 1335 daAuts
     D:5: 1184 daAuts
     D:4: 1180 daAuts
     D:2: 1155 daAuts
     D:3: 1127 daAuts
     D:6: 610 daAuts
Gauntlet: 414 daAuts
    D:11: 342 daAuts
   Orc:1: 218 daAuts
   Orc:2: 137 daAuts
  Temple: 17 daAuts
